 Dungeon Crawl Stone Soup version 0.31-a0-1127-ge7b2bbabab (webtiles) character file.

Game seed: 7638661252936263052

287748 Fildev the Warrior (level 19, -13/127 (131) HPs)
             Began as a Minotaur Fighter on Dec 5, 2023.
             Was a Believer of Uskayaw.
             Killed from afar by a wretched star (24 damage)
             ... with a lance of force
             ... while paralysed
             ... on level 3 of the Abyss.
             The game lasted 03:37:33 (60347 turns).

Fildev the Warrior (Minotaur Fighter)              Turns: 60347, Time: 03:37:34

HP:   -13/127 (131) AC: 36    Str: 24 (31) XL:     19   Next: 87%
MP:   0/20          EV:  2    Int:  0 (7)  God:    Uskayaw [**....]
Gold: 1911          SH:  0    Dex: -1 (8)  Spells: 18/18 levels left

rFire   x . .        G - +8 broad axe (elec)
rCold   + . .        F - +1 tower shield {rC+}
rNeg    . . .        R - +18 Lear's hauberk
rPois   .            (helmet currently unavailable)
rElec   .            I - +2 cloak
rCorr   .            (gloves currently unavailable)
SInv    .            (boots currently unavailable)
Will    +....        b - amulet of guardian spirit Stlth
                     J - +6 ring of strength
HPRegen 0.00/turn    A - ring "Juner" {rC+ Int+2}
MPRegen 0.17/turn

%: random rage (9%), guardian spirit
@: paralysed, sick, inhibited regen, slowed, lost intelligence, lost dexterity,
lightly drained, unable to read
A: horns 2, retaliatory headbutt, berserk 2, deterioration 2, frail 3, low MP 1,
weak 1, no potion heal 1, cold vulnerability 1, heat vulnerability 1, inability
to read after injury 2, persistent drain, [clumsy 2], [inhibited regeneration]
}: 2/15 runes: decaying, serpentine
a: Renounce Religion, Stomp, Line Pass


You were on level 3 of the Abyss.
You worshipped Uskayaw.
Uskayaw was noncommittal.
You visited 9 branches of the dungeon, and saw 40 of its levels.
You visited the Abyss 1 time.
You also visited: Gauntlet and Volcano.

You collected 3165 gold pieces.
You spent 1254 gold pieces at shops.

Inventory:

Hand Weapons
 l - a +1 spectral demon whip
 G - a +8 broad axe of electrocution (weapon)
 K - a +3 antimagic longbow
Missiles
 z - 44 poisoned darts
Armour
 c - a +3 plate armour of fire resistance
 j - a +1 pair of gloves
 F - a +1 tower shield of cold resistance (worn)
 I - a +2 cloak (worn)
 R - the +18 Lear's hauberk (worn)
   (You acquired it in a Gauntlet)
Jewellery
 b - an amulet of guardian spirit (around neck)
 g - a +4 ring of protection
 r - a +5 ring of evasion
 u - a ring of positive energy
 y - an amulet of regeneration
 A - the ring "Juner" (right hand) {rC+ Int+2}
   (You took it off a minotaur in a Gauntlet)

   [ring of protection from cold]

   Int+2:     It affects your intelligence (+2).
   rC+:       It protects you from cold.
 C - a ring of willpower
 E - a +4 ring of slaying
 H - a ring of fire
 J - a +6 ring of strength (left hand)
 V - a ring of resist corrosion
 W - a ring of protection from fire
 Y - a ring of poison resistance
Wands
 m - a wand of roots (57)
 t - a wand of flame (90) (quivered)
 v - a wand of polymorph (14)
 D - a wand of paralysis (19)
 N - a wand of digging (7)
Scrolls
 a - 4 scrolls of revelation
 e - 15 scrolls of teleportation
 f - 3 scrolls of blinking
 h - 3 scrolls of silence
 i - a scroll of summoning
 q - 4 scrolls of fear
 x - a scroll of enchant weapon
 L - 2 scrolls of noise
 M - 2 scrolls of brand weapon
 O - a scroll of amnesia
 T - 3 scrolls of poison
 X - 7 scrolls of fog
Potions
 d - 3 potions of might
 k - a potion of cancellation
 n - 2 potions of ambrosia
 o - 3 potions of brilliance
 p - 12 potions of haste
 s - 4 potions of enlightenment
 w - a potion of resistance
 B - 9 potions of curing
 Z - 5 potions of invisibility
Miscellaneous
 P - a sack of spiders
 S - a phantom mirror
 U - a lightning rod (4/4)


   Skills:
 * Level 20.9 Fighting
 + Level 18.9 Axes
 - Level 1.3 Throwing
 * Level 18.8 Armour
 * Level 16.0 Dodging
 - Level 1.0 Stealth
 + Level 17.6 Shields
 + Level 1.0 Unarmed Combat
 * Level 6.3 Invocations
 - Level 10.6 Evocations


You had 18 spell levels left.
You didn't know any spells.
Your spell library contained the following spells:

 Spells                   Type           Power      Damage    Failure   Level
 Magic Dart               Conj           0%         1d3       99%         1
 Necrotise                Necr           0%         1d4       99%         1
 Sting                    Tmut/Pois      0%         1d3       99%         1
 Call Imp                 Summ           0%         N/A       100%        2
 Ensorcelled Hibernation  Hex/Ice        0%         N/A       100%        2
 Lesser Beckoning         Tloc           0%         N/A       100%        2
 Momentum Strike          Conj/Tloc      0%         3d8       100%        2
 Passwall                 Tmut/Erth      0%         N/A       100%        2
 Poisonous Vapours        Pois/Air       0%         N/A       100%        2
 Scorch                   Fire           0%         2d5       100%        2
 Searing Ray              Conj           0%         2d4       100%        2
 Sublimation of Blood     Necr           0%         N/A       100%        2
 Wereblood                Tmut           0%         N/A       100%        2
 Confusing Touch          Hex            0%         N/A       100%        3
 Dazzling Flash           Conj/Hex       0%         N/A       100%        3
 Gell's Gravitas          Tloc           0%         N/A       100%        3
 Hailstorm                Conj/Ice       0%         3d5       100%        3
 Ignite Poison            Fire/Tmut/Pois 0%         N/A       100%        3
 Mephitic Cloud           Conj/Pois/Air  0%         N/A       100%        3
 Ozocubu's Armour         Ice            0%         N/A       100%        3
 Summon Guardian Golem    Hex/Summ       0%         N/A       100%        3
 Swiftness                Air            0%         N/A       100%        3
 Teleport Other           Tloc           0%         N/A       100%        3
 Tukima's Dance           Hex            0%         N/A       100%        3
 Vampiric Draining        Necr           0%         2d6       100%        3
 Volatile Blastmotes      Fire/Tloc      0%         2d10      100%        3
 Anguish                  Hex/Necr       0%         N/A       100%        4
 Cause Fear               Hex            0%         N/A       100%        4
 Dimensional Bullseye     Hex/Tloc       0%         N/A       100%        4
 Flame Wave               Conj/Fire      0%         2d4       100%        4
 Fulminant Prism          Conj/Hex       0%         3d5       100%        4
 Iskenderun's Mystic Bla  Conj/Tloc      0%         2d3       100%        4
 Leda's Liquefaction      Hex/Erth       0%         N/A       100%        4
 Passage of Golubria      Tloc           0%         N/A       100%        4
 Petrify                  Tmut/Erth      0%         N/A       100%        4
 Vhi's Electric Charge    Tloc/Air       0%         N/A       100%        4
 Agony                    Necr           0%         N/A       100%        5
 Alistair's Intoxication  Tmut/Pois      0%         N/A       100%        5
 Arcjolt                  Conj/Air       0%         1d10      100%        5
 Freezing Cloud           Conj/Ice/Air   0%         6-21      100%        5
 Irradiate                Conj/Tmut      0%         3d11      100%        5
 Lee's Rapid Deconstruct  Erth           0%         3d4*      100%        5
 Metabolic Englaciation   Hex/Ice        0%         N/A       100%        5
 Yara's Violent Unravell  Hex/Tmut       0%         3d3       100%        5
 Bombard                  Conj/Erth      0%         9d1       100%        6
 Plasma Beam              Fire/Air       0%         2x1d10    100%        6
 Simulacrum               Ice/Necr       0%         N/A       100%        6
 Summon Cactus Giant      Summ           0%         N/A       100%        6
 Enfeeble                 Hex            0%         N/A       100%        7
 Orb of Destruction       Conj           0%         9d5       100%        7
 Ozocubu's Refrigeration  Ice            0%         4d7       100%        7
 Spellforged Servitor     Conj/Summ      0%         N/A       100%        7
 Maxwell's Capacitive Co  Air            0%         ∞         100%        8
 Polar Vortex             Ice            0%         N/A       100%        9


Dungeon Overview and Level Annotations

Branches:
Dungeon (15/15)            Temple (1/1) D:6            Lair (5/5) D:11
  Swamp (4/4) Lair:2        Snake (4/4) Lair:3        Slime (5/5) Lair:4
    Orc (2/2) D:9 Zot: 946     Elf (3/3) Orc:2        Vaults (0/5) D:14
 Depths (1/4) D:15        Volcano (visited)         Gauntlet (visited)

Altars:
Ashenzari
Cheibriados
Dithmenos
Elyvilon
Fedhas
Gozag
Hepliaklqana
Kikubaaqudgha
Makhleb
Nemelex Xobeh
Okawaru
Qazlal
Ru
Sif Muna
Trog
Uskayaw
Vehumet
Wu Jian
Xom
Yredelemnul
Zin
The Shining One
Jiyva
Lugonu

Shops:
D:1 [   D:4 *   D:6 :   D:8 :?   Orc:2 ?:(:   Elf:1 !   Elf:3 *   Snake:1 *:
Snake:3 [([*

Annotations:
Slime:5 Royal Jelly


Innate Abilities, Weirdness & Mutations

You have a pair of horns on your head.
You reflexively headbutt those who attack you in melee.
You have an uncontrollable temper.
Your body often deteriorates upon taking damage.
You are extremely frail. (-30% HP)
Your magical capacity is low. (-10% MP)
You are weak. (Str -2)
Potions are less effective at restoring your health.
You are vulnerable to cold. (rC-)
You are vulnerable to heat. (rF-)
You sometimes lose the ability to read scrolls when taking damage.
Your health recovers twice as slowly from being drained.
[You are very clumsy. (Dex -4)]
[You do not regenerate when monsters are visible.]


Message History

The hellion gestures at you.
The sphere of damnation explodes!
The damnation engulfs you!!!
* * * LOW HITPOINT WARNING * * *
The damnation engulfs the hellion.
The hellion completely resists.
You barely miss the hellion. You headbutt the hellion.
The hellion is severely wounded.
The hellion hits you but does no damage.
Uskayaw will force your foes to helplessly watch your dance.
Uskayaw prepares the audience for your solo!
The helpless hellion fails to defend itself.
You slice the hellion like a ripe choko!!!
You kill the hellion!
A wretched star comes into view.
An ancient zyme comes into view.
You feel yourself growing ill in the presence of the ancient zyme.
There is an empty arch of ancient stone here.
Your system partially rejects the healing.
You feel better.
The wretched star pulses with an eldritch light!
You feel clumsy. x2
You have lost your dexterity.
You recover from your berserk rage.
You can move again.
The wretched star glows turbulently.
The lance of force hits you but does no damage.
The wretched star pulses with an eldritch light!
Your regeneration stops near monsters.
You barely miss the wretched star. Your headbutt misses the wretched star.
You feel ill.
The wretched star glows turbulently.
The lance of force hits you!!
* * * LOW HITPOINT WARNING * * *
Your body deteriorates!
You feel dopey.
You have lost your intelligence.
You are knocked back by the lance of force.
The ancient zyme hits you!
* * * LOW HITPOINT WARNING * * *
The ancient zyme hits you but does no damage.
The ancient zyme hits you but does no damage. x2
The wretched star glows turbulently.
The lance of force hits you!!
You die...

.. . .. ..##### #.
.......###.
........... ## # .
..#......# .. .# #
...........##...#.
. ..#....@........
. ......x...#....
..#.
..#~~..∩.#..... .
. #≈~..*........ #
.#~~...........
................
#..'......##..#..
..#~~.....#.....
.... #.~..........


You could see a wretched star and an ancient zyme.

Vanquished Creatures
  Saint Roka (Snake:4)
  Vashnia (Snake:4)
  Jorgrun (D:12)
  Mlioglotl (Snake:1)
  A tentacled monstrosity (Swamp:4)
  2 deep elf blademasters
  Asterion (Snake:4)
  24 acid blobs
  Aizul (Snake:1)
  2 nagarajas (Snake:4)
  2 thorn hunters
  17 rockslimes
  14 azure jellies
  A deep elf sorcerer (Elf:3)
  Louise (Snake:1)
  A deep elf elementalist (Elf:3)
  2 formless jellyfish (Slime:5)
  31 quicksilver oozes
  4 eleionomae
  The ghost of TheSeeker391 the Severer, a journeyman HOFi of Makhleb (Lair:3)
  Azrael (Orc:2)
  3 deep elf annihilators (Elf:3)
  A minotaur (Gauntlet)
  3 bunyips
  2 deep elf death magi (Elf:3)
  Snorg (D:12)
  An ettin (D:15)
  Josephine (D:12)
  An ice dragon (D:15)
  8 great orbs of eyes
  6 salamander tyrants (Snake:4)
  18 hydras
  2 ghost crabs
  A vault guard (D:14)
  A catoblepas (Lair:5)
  7 alligators
  8 anacondas
  5 centaur warriors
  A death knight (D:15)
  27 dancing weapons
  Erica (D:8)
  3 two-headed ogres
  4 death yaks (Lair:5)
  5 boulder beetles
  2 tengu warriors
  11 spriggans
  12 naga warriors
  14 naga sharpshooters
  2 orc high priests
  A deep troll shaman (Lair:5)
  8 deep elf knights
  4 shock serpents (Snake:2)
  2 salamander mystics
  A skyshark (Lair:5)
  5 skeletal warriors
  4 goliath frogs
  9 naga ritualists
  10 swamp dragons
  4 spriggan druids
  5 sea snakes (Snake:3)
  A deep troll (D:15)
  2 glowing orange brains
  2 necromancers (D:15)
  4 bog bodies
  5 deep elf archers
  A lindwurm (Lair:5)
  An obsidian statue (Gauntlet)
  10 mana vipers
  9 orc sorcerers
  10 orc knights
  30 deep elf pyromancers
  15 deep elf zephyrmancers
  5 cyclopes
  Pikel (D:5)
  4 will-o-the-wisps
  A worldbinder (Abyss:3)
  15 elephants
  An oklob plant (Lair:5)
  10 salamanders
  3 manticores
  10 shining eyes
  8 ugly things
  38 black mambas
  6 eyes of devastation
  A guardian serpent (Snake:1)
  11 naga magi
  A torpor snail (Lair:5)
  A gargoyle (D:12)
  A cane toad (shapeshifter) (Elf:1)
  A smoke demon (Gauntlet)
  A rime drake (Lair:1)
  A hellion (Abyss:3)
  8 cane toads
  An efreet (D:15)
  2 unseen horrors
  A kobold demonologist (D:12)
  A tengu conjurer (D:15)
  A freezing wraith (D:15)
  3 yaktaurs (D:15)
  6 komodo dragons
  A red devil (Gauntlet)
  14 trolls
  A merfolk (D:9)
  4 polar bears
  10 tyrant leeches
  A polar bear (shapeshifter) (D:13)
  7 hornets
  13 dream sheep
  9 saltlings (Orc:2)
  8 blink frogs
  A blink frog (shapeshifter) (Elf:1)
  A raiju (Gauntlet)
  3 glass eyes
  71 slime creatures
  7 wraiths
  Sigmund (D:5)
  2 air elementals
  A vampire (D:12)
  2 water elementals
  3 wyverns
  43 yaks
  A yak (shapeshifter) (Elf:1)
  Grum (D:10)
  Eustachio (D:4)
  3 basilisks
  7 fire elementals
  4 steam dragons
  20 vampire mosquitoes
  Menkaure (D:6)
  3 wargs
  37 nagas
  2 acid dragons (D:11)
  6 hell hounds
  15 swamp worms
  23 water moccasins
  10 swamp drakes
  23 orc warriors
  4 black bears
  2 ice beasts
  3 sky beasts
  12 wolves
  2 centaurs
  4 ogres
  A phantom (D:5)
  6 kobold brigands
  10 bullfrogs
  2 earth elementals
  A scorpion (D:6)
  3 killer bees (D:8)
  8 howler monkeys
  4 electric eels
  3 crimson imps (Gauntlet)
  3 hounds
  22 jellies
  10 orc priests
  A gnoll bouda (D:6)
  2 iguanas
  Ijyb (D:5)
  2 sleepcaps
  20 orc wizards
  17 gnolls
  5 adders
  A shadow imp (D:5)
  2 dart slugs
  65 orcs
  5 bats
  4 endoplasms
  3 giant cockroaches
  4 goblins
  8 hobgoblins
  3 quokkas
  9 ball pythons
  A frilled lizard (D:2)
  29 kobolds
  6 rats
  A spectral weapon (Swamp:2)
1196 creatures vanquished.

Vanquished Creatures (collateral kills)
  the Lernaean hydra (Swamp:4)
  A hydra (Swamp:4)
  An alligator (Swamp:4)
  A swamp dragon (Swamp:4)
4 creatures vanquished.

Vanquished Creatures (others)
  A hydra (Swamp:4)
  A goliath frog (Swamp:4)
  3 bloated husks
  A swamp drake (Swamp:4)
  14 foxfires
20 creatures vanquished.

Grand Total: 1220 creatures vanquished

Notes
Turn   | Place    | Note
-------+----------+-------------------------------------------
     0 | D:1      | Fildev the Minotaur Fighter began the quest for the Orb.
     0 | D:1      | Reached XP level 1. HP: 19/19 MP: 0/0
   276 | D:1      | Found a faded altar of an unknown god.
   286 | D:1      | Reached XP level 2. HP: 27/27 MP: 1/1
   341 | D:1      | Found Aweak's Antique Armour Shop.
   793 | D:2      | Reached skill level 4 in Fighting
   793 | D:2      | Reached XP level 3. HP: 24/33 MP: 2/2
   917 | D:2      | Reached XP level 4. HP: 37/40 MP: 3/3
  1036 | D:2      | Reached skill level 5 in Armour
  1047 | D:2      | Reached skill level 1 in Dodging
  1171 | D:2      | Reached XP level 5. HP: 33/46 MP: 4/4
  2208 | D:4      | You fall into a shaft and drop 2 floors!
  2215 | D:6      | Noticed an ice beast
  2228 | D:6      | Killed an ice beast
  2229 | D:6      | Reached XP level 6. HP: 23/53 MP: 1/5
  2350 | D:5      | Entered Level 5 of the Dungeon
  2389 | D:5      | Reached skill level 5 in Axes
  2422 | D:5      | Reached XP level 7. HP: 42/60 MP: 4/6
  2650 | D:5      | Reached skill level 5 in Fighting
  2723 | D:4      | Found a hide-covered altar of Uskayaw.
  2738 | D:4      | Became a worshipper of Uskayaw the Reveller
  2787 | D:4      | Found a burning altar of Makhleb.
  2857 | D:4      | Noticed Eustachio
  2862 | D:4      | Reached * piety under Uskayaw
  2864 | D:4      | Reached ** piety under Uskayaw
  2866 | D:4      | Killed Eustachio
  2866 | D:4      | Reached *** piety under Uskayaw
  3045 | D:4      | Found Leeluhomn's Luxury Loot.
  3180 | D:5      | Noticed Pikel
  3190 | D:5      | Killed Pikel
  3191 | D:5      | Reached skill level 5 in Shields
  3191 | D:5      | Reached XP level 8. HP: 61/70 MP: 4/7
  3234 | D:5      | Noticed Ijyb
  3250 | D:5      | Killed Ijyb
  3398 | D:5      | Noticed Sigmund
  3407 | D:5      | Reached skill level 6 in Fighting
  3409 | D:5      | Killed Sigmund
  3409 | D:5      | Reached **** piety under Uskayaw
  3967 | D:6      | Found a hazy altar of Hepliaklqana.
  4084 | D:6      | Reached XP level 9. HP: 68/78 MP: 6/8
  4128 | D:6      | Found a sacrificial altar of Ru.
  4128 | D:6      | Found an iron altar of Okawaru.
  4146 | D:6      | Found a white marble altar of Elyvilon.
  4233 | D:6      | Reached skill level 1 in Stealth
  4400 | D:6      | Found a staircase to the Ecumenical Temple.
  4409 | D:6      | Reached skill level 10 in Axes
  4465 | D:6      | Found Piowaxav's Vocational Training.
  4466 | D:6      | Noticed Menkaure
  4473 | D:6      | Killed Menkaure
  4641 | Temple   | Entered the Ecumenical Temple
  5268 | D:7      | Reached skill level 7 in Fighting
  5544 | D:8      | Noticed Erica
  5562 | D:8      | Killed Erica
  5770 | D:8      | Killed an unseen horror
  5771 | D:8      | Reached XP level 10. HP: 79/86 MP: 9/9
  5970 | D:8      | Found Nuybom's Book Emporium.
  6026 | D:8      | Found a snail-covered altar of Cheibriados.
  6035 | D:8      | Identified the staff of Departure {*Slow rElec rC+ rN+
                  | Str+3 Necro}
  6091 | D:8      | Found a sparkling altar of Nemelex Xobeh.
  6258 | D:8      | Paralysed by a hornet for 3 turns
  6516 | D:8      | Found Votiryge's Magic Scroll Boutique.
  6546 | D:8      | Bought a scroll of teleportation for 42 gold pieces
  6546 | D:8      | Bought a scroll of blinking for 105 gold pieces
  6729 | D:9      | Reached skill level 10 in Armour
  6739 | D:9      | Reached ***** piety under Uskayaw
  6754 | D:9      | Reached ****** piety under Uskayaw
  6880 | D:9      | Found a staircase to the Orcish Mines.
  6999 | D:9      | Identified the staff of the Evil Eye {rElec rCorr Dex+2
                  | Conj}
  7105 | D:9      | Reached skill level 8 in Fighting
  7161 | D:9      | Found an opulent altar of Gozag.
  7336 | D:9      | Reached skill level 5 in Dodging
  7625 | D:9      | Found a shimmering blue altar of Sif Muna.
  7677 | D:9      | Found an ancient bone altar of Kikubaaqudgha.
  7913 | D:10     | Entered Level 10 of the Dungeon
  7943 | D:10     | Found a broken altar of Ashenzari.
  7947 | D:10     | Identified a scroll of acquirement
  7947 | D:10     | Acquired a +3 broad axe of freezing
  8465 | D:10     | Noticed Grum
  8471 | D:10     | Reached XP level 11. HP: 87/95 MP: 8/10
  8475 | D:10     | Killed Grum
  8595 | D:10     | Found a glowing golden altar of the Shining One.
  8663 | D:11     | Reached skill level 9 in Fighting
  8777 | D:11     | Noticed a two-headed ogre
  9000 | D:11     | Noticed a two-headed ogre
  9009 | D:11     | Killed a two-headed ogre
  9069 | D:11     | Found a gate leading to a gauntlet.
  9093 | Gauntlet | Entered a Gauntlet
  9093 | Gauntlet | Found a transporter.
  9093 | Gauntlet | Found a transporter.
  9094 | Gauntlet | Noticed a sixfirhy
  9105 | Gauntlet | Found a transporter.
  9106 | Gauntlet | Found a transporter.
  9106 | Gauntlet | Found a transporter.
  9109 | Gauntlet | Found a transporter.
  9116 | Gauntlet | Found a transporter.
  9117 | Gauntlet | Found a transporter.
  9119 | Gauntlet | Found a transporter.
  9120 | Gauntlet | Found a transporter.
  9122 | Gauntlet | Noticed an obsidian statue
  9128 | Gauntlet | Found a transporter.
  9135 | Gauntlet | Found a transporter.
  9490 | Gauntlet | Noticed a sixfirhy
  9495 | Gauntlet | Killed an obsidian statue
  9567 | Gauntlet | Identified the +1 helmet of the Hippogriff {rElec Will-
                  | Int+7 Dex+2}
  9571 | Gauntlet | Acquired the +18 Lear's hauberk
  9571 | Gauntlet | Found the +18 Lear's hauberk
  9672 | Gauntlet | Identified the ring "Juner" {rC+ Int+2}
  9672 | Gauntlet | Noticed a minotaur
  9685 | Gauntlet | Killed a minotaur
  9905 | Gauntlet | Identified the staff "Killer Bee's Doom" {rElec rPois Int-3
                  | Dex+3 Poison}
  9906 | Gauntlet | Got the Meditations on Frigid Obstruction
 10006 | D:11     | Found a staircase to the Lair.
 10159 | D:11     | Killed a two-headed ogre
 10160 | D:11     | Reached skill level 10 in Fighting
 10428 | D:12     | Noticed a deep elf pyromancer
 10435 | D:12     | Killed a deep elf pyromancer
 10517 | D:12     | Noticed Jorgrun
 10539 | D:12     | Killed Jorgrun
 10771 | D:12     | Reached XP level 12. HP: 101/108 MP: 8/11
 10965 | D:12     | Noticed Josephine
 10972 | D:12     | Killed Josephine
 11087 | D:12     | Reached skill level 11 in Fighting
 11195 | D:12     | Noticed Snorg
 11287 | D:12     | Killed Snorg
 11455 | D:13     | Noticed a centaur warrior
 11460 | D:13     | Noticed a tengu warrior
 11468 | D:13     | Killed a centaur warrior
 11474 | D:13     | Killed a tengu warrior
 11574 | D:13     | Noticed a centaur warrior
 11589 | D:13     | Killed a centaur warrior
 11869 | D:13     | Reached skill level 12 in Fighting
 12372 | D:14     | Noticed a vault guard
 12373 | D:14     | Found a gate to the Vaults.
 12615 | D:14     | Killed a vault guard
 12616 | D:14     | Reached skill level 1 in Evocations
 12799 | D:14     | Noticed a four-headed hydra
 12809 | D:14     | Killed an eight-headed hydra
 12872 | D:14     | Reached XP level 13. HP: 101/119 MP: 9/12
 13011 | D:14     | HP: 5/119 [enormous slime creature (39)]
 13034 | D:14     | HP: 4/119 [centaur warrior/arrow (10)]
 13430 | D:14     | Identified the +2 robe of Hextyropp {Str+2 Stlth+}
 14483 | D:15     | Entered Level 15 of the Dungeon
 14503 | D:14     | Reached skill level 13 in Fighting
 14503 | D:14     | Reached skill level 15 in Armour
 15549 | D:15     | Reached skill level 10 in Dodging
 15836 | D:15     | Found an iron altar of Okawaru.
 16125 | D:15     | Reached skill level 10 in Shields
 16220 | D:15     | Noticed an ettin
 16223 | D:15     | Reached skill level 14 in Fighting
 16253 | D:15     | Killed an ettin
 16503 | D:15     | Found a staircase to the Depths.
 16527 | Depths:1 | Entered Level 1 of the Depths
 16887 | Lair:1   | Entered Level 1 of the Lair of Beasts
 17131 | Lair:1   | Reached XP level 14. HP: 116/133 MP: 11/13
 17987 | Lair:2   | Reached skill level 5 in Evocations
 18473 | Lair:2   | Found a staircase to the Swamp.
 18611 | Lair:3   | Found a staircase to the Snake Pit.
 18938 | Lair:3   | Noticed TheSeeker391's ghost (journeyman HOFi)
 18973 | Lair:3   | Found a runed translucent gate.
 18973 | Lair:3   | Found a runed translucent gate.
 18973 | Lair:3   | Found a runed translucent gate.
 19116 | Lair:3   | Reached skill level 15 in Fighting
 19600 | Lair:3   | Killed TheSeeker391's ghost
 19754 | Lair:4   | Found a dark tunnel.
 19761 | Volcano  | Entered a volcano
 20269 | Lair:4   | Found a white marble altar of Elyvilon.
 20704 | Lair:4   | Found a viscous altar of Jiyva.
 20705 | Lair:4   | Found a staircase to the Slime Pits.
 20760 | Lair:5   | Entered Level 5 of the Lair of Beasts
 21238 | Lair:5   | Reached skill level 16 in Fighting
 21238 | Lair:5   | Reached XP level 15. HP: 144/144 MP: 14/14
 21266 | Lair:5   | Noticed an azure jelly
 21284 | Lair:5   | Killed an azure jelly
 21295 | Lair:5   | Found a viscous altar of Jiyva.
 23026 | Lair:5   | Found the +4 skin of Zhor {*Englaciate rC+++ SInv}
 23399 | Orc:1    | Entered Level 1 of the Orcish Mines
 24140 | Orc:2    | Entered Level 2 of the Orcish Mines
 24146 | Orc:2    | Noticed Azrael
 24485 | Orc:2    | Killed Azrael
 24562 | Orc:2    | Paralysed by an orc sorcerer for 4 turns
 24807 | Orc:2    | Found a staircase to the Elven Halls.
 25127 | Orc:2    | Reached skill level 17 in Fighting
 25216 | Orc:2    | Found Sigul's Book Shoppe.
 25236 | Orc:2    | Found Piton's Weapon Shoppe.
 25349 | Orc:2    | Found Tiwey's Magic Scroll Shop.
 25355 | Orc:2    | Bought a scroll of enchant weapon for 97 gold pieces
 25355 | Orc:2    | Bought a scroll of fear for 52 gold pieces
 25355 | Orc:2    | Bought a scroll of teleportation for 39 gold pieces
 25355 | Orc:2    | Bought a scroll of teleportation for 39 gold pieces
 25355 | Orc:2    | Bought a scroll of fog for 52 gold pieces
 25430 | Orc:2    | Found Alepp's Book Shoppe.
 25438 | Orc:2    | Paralysed by an orc sorcerer for 5 turns
 25673 | Orc:1    | Found a shimmering blue altar of Sif Muna.
 25832 | Elf:1    | Entered Level 1 of the Elven Halls
 26064 | Swamp:1  | Entered Level 1 of the Swamp
 26546 | Swamp:1  | Reached skill level 1 in Throwing
 26993 | Swamp:1  | Reached XP level 16. HP: 129/155 MP: 12/15
 27081 | Swamp:1  | Noticed a thorn hunter
 27095 | Swamp:1  | Killed a thorn hunter
 27105 | Swamp:1  | Got the Volume of the Body
 27196 | Swamp:1  | Identified the flux talisman of the Bells {Will- Int+3
                  | Slay+2}
 28746 | Swamp:3  | Noticed a thorn hunter
 28756 | Swamp:3  | Killed a thorn hunter
 28806 | Swamp:3  | Found a sacrificial altar of Ru.
 29341 | Swamp:4  | Entered Level 4 of the Swamp
 29535 | Swamp:3  | Reached skill level 18 in Fighting
 29658 | Swamp:4  | Reached skill level 15 in Axes
 30428 | Swamp:4  | Noticed the 27-headed Lernaean hydra
 31093 | Swamp:4  | Killed the 27-headed Lernaean hydra
 31648 | Swamp:4  | Noticed a tentacled monstrosity
 31664 | Swamp:4  | Killed a tentacled monstrosity
 31665 | Swamp:4  | Reached XP level 17. HP: 123/165 MP: 16/16
 31882 | Swamp:4  | Got a decaying rune of Zot
 32109 | Snake:1  | Entered Level 1 of the Snake Pit
 32366 | Snake:1  | Noticed Mlioglotl
 32374 | Snake:1  | Killed Mlioglotl
 32375 | Snake:1  | Reached skill level 15 in Shields
 32418 | Snake:1  | Found Uqec's Assorted Antiques.
 32423 | Snake:1  | Bought a glowing opal ring for 125 gold pieces
 32423 | Snake:1  | Bought a scroll of teleportation for 75 gold pieces
 32447 | Snake:1  | Noticed Louise
 32465 | Snake:1  | Killed Louise
 32762 | Snake:1  | Found Vephikox's Self-Published Books.
 33192 | Snake:1  | Identified the serpent talisman of Gehenna {MP+9 Slay+2}
 33192 | Snake:1  | Noticed Aizul
 33209 | Snake:1  | Killed Aizul
 34778 | Snake:2  | Got Yrheloute's Octavo of the Shot
 35332 | Snake:3  | Found Plog's Assorted Antiques.
 35332 | Snake:3  | Found Vit Dauf's Armour Boutique.
 35334 | Snake:3  | Found Jaez's Antique Weapon Boutique.
 35337 | Snake:3  | Found Riceo's Antique Armour Shop.
 35933 | Snake:4  | Entered Level 4 of the Snake Pit
 36262 | Snake:4  | Reached skill level 10 in Evocations
 36298 | Snake:4  | Noticed Asterion
 36313 | Snake:4  | Killed Asterion
 36354 | Snake:4  | Noticed Saint Roka
 36796 | Snake:4  | Reached skill level 1 in Invocations
 38587 | Snake:4  | Killed Saint Roka
 38588 | Snake:4  | Reached XP level 18. HP: 130/174 MP: 13/18
 39184 | Snake:4  | Noticed Vashnia
 39246 | Snake:4  | Reached skill level 19 in Fighting
 39728 | Snake:4  | Killed Vashnia
 40050 | Snake:4  | Reached skill level 15 in Dodging
 40777 | Snake:4  | Got a serpentine rune of Zot
 40986 | Slime:1  | Entered Level 1 of the Pits of Slime
 41057 | Slime:1  | Gained mutation: You occasionally lose the ability to drink
                  | potions when taking damage. [a shining eye]
 41060 | Slime:1  | Gained mutation: Your natural rate of healing is unusually
                  | fast. [a shining eye]
 41771 | Slime:1  | Found a viscous altar of Jiyva.
 41771 | Slime:1  | Gained mutation: You passively dampen the noise of your
                  | surroundings. [a shining eye]
 41775 | Slime:1  | Gained mutation: Your body sometimes deteriorates upon
                  | taking damage. [a shining eye]
 41781 | Slime:1  | Gained mutation: You are vulnerable to cold. (rC-) [a
                  | shining eye]
 41783 | Slime:1  | Gained mutation: Your magical capacity is low. (-10% MP) [a
                  | shining eye]
 43009 | Slime:4  | Gained mutation: You sometimes lose your temper in combat.
                  | [a shining eye]
 43881 | Slime:4  | Reached skill level 20 in Fighting
 44179 | Slime:5  | Entered Level 5 of the Pits of Slime
 44189 | Slime:5  | Found a viscous altar of Jiyva.
 44189 | Slime:5  | Noticed the Royal Jelly
 44199 | Slime:5  | Gained mutation: You are frail. (-10% HP) [a shining eye]
 44200 | Slime:5  | Gained mutation: You are very frail. (-20% HP) [a shining
                  | eye]
 44203 | Slime:5  | Gained mutation: Your body often deteriorates upon taking
                  | damage. [a shining eye]
 44207 | Slime:5  | Gained mutation: Your spells are a little easier to cast,
                  | but a little less powerful. [a shining eye]
 44214 | Slime:5  | Gained mutation: Your health recovers twice as slowly from
                  | being drained. [a shining eye]
 44216 | Slime:5  | Lost mutation: You passively dampen the noise of your
                  | surroundings. [a shining eye]
 44261 | Slime:5  | Reached XP level 19. HP: 148/148 MP: 19/19
 44312 | Slime:5  | Gained mutation: You occasionally lose the ability to read
                  | scrolls when taking damage. [a shining eye]
 44315 | Slime:5  | Gained mutation: Potions are less effective at restoring
                  | your health. [a shining eye]
 44316 | Slime:5  | Gained mutation: You are vulnerable to heat. (rF-) [a
                  | shining eye]
 44320 | Slime:5  | Gained mutation: You sometimes lose the ability to read
                  | scrolls when taking damage. [a shining eye]
 44604 | Slime:5  | Lost mutation: Your natural rate of healing is unusually
                  | fast. [a shining eye]
 44607 | Slime:5  | Lost mutation: You occasionally lose the ability to drink
                  | potions when taking damage. [a shining eye]
 44610 | Slime:5  | Gained mutation: You have an uncontrollable temper. [a
                  | shining eye]
 44613 | Slime:5  | Gained mutation: You are extremely frail. (-30% HP) [a
                  | shining eye]
 44615 | Slime:5  | Reached skill level 5 in Invocations
 44908 | Slime:5  | Reached skill level 1 in Unarmed Combat
 45905 | Slime:5  | Gained mutation: You are weak. (Str -2) [a shining eye]
 45915 | Slime:5  | Lost mutation: Your spells are a little easier to cast, but
                  | a little less powerful. [a shining eye]
 49121 | Elf:1    | Lost intelligence.
 54995 | Orc:2    | Glimpsed the power of Zot.
 55215 | Elf:1    | Paralysed by an air elemental for 1 turns
 55219 | Elf:1    | Found Ynatte's Distillery.
 55227 | Elf:1    | Bought a potion of berserk rage for 70 gold pieces
 55227 | Elf:1    | Bought a potion of haste for 140 gold pieces
 55227 | Elf:1    | Bought a potion of heal wounds for 70 gold pieces
 55313 | Elf:1    | Identified the +1 longbow of the Boiling Point {heavy, rC+}
 55419 | Elf:1    | Got Uvatuap's Enchiridion on Sculpting
 56028 | Elf:2    | Paralysed by an air elemental for 1 turns
 56601 | Elf:1    | Found a radiant altar of Vehumet.
 56732 | Elf:2    | Found a runed translucent gate.
 56733 | Elf:2    | Found a runed translucent gate.
 56734 | Elf:2    | Found a runed translucent gate.
 58097 | Elf:3    | Entered Level 3 of the Elven Halls
 58280 | Elf:3    | Found Kiel's Assorted Antiques.
 58295 | Elf:3    | Bought 3 scrolls of fear for 348 gold pieces
 60316 | Abyss:3  | Cast into level 3 of the Abyss (a deep elf demonologist)
 60342 | Abyss:3  | Lost dexterity.
 60345 | Abyss:3  | Lost intelligence.
 60347 | Abyss:3  | Killed from afar by a wretched star

Illustrated notes

Levels and vault maps discovered:
D:1:      roderic_octagonal_star, layout_loops_ring,
          nicolae_ecumenical_lake_church, serial_shops, shop,
          minmay_misc_feat_iff, minmay_large_rounded_square,
          minmay_curled_crystal, minmay_tripent
D:2:      layout_basic
D:3:      layout_basic, small_statue_alley_b
D:4:      layout_loops_cross, lemuel_doored_altar,
          nicolae_uskayaw_murder_on_the_dancefloor, nicolae_alphabet_shops,
          uniq_eustachio
D:5:      layout_loops_ring, uniq_sigmund, uniq_ijyb, uniq_pikel
D:6:      layout_basic, mainiacjoe_overflow_small_starburst, elyvilon_altar_1,
          gammafunk_temple_overflow_pools, minmay_temple_entry_statues_pillars,
          nicolae_shop_vocational, uniq_menkaure
D:7:      layout_loops_cross
D:8:      layout_loops_cross, kennysheep_mini_moat, kennysheep_slug_shrine,
          serial_shops, nicolae_shop_hallway_stairs, nicolae_stop_n_shop_2,
          minmay_fractal_squares_5, uniq_erica
D:9:      layout_big_octagon, mainiacjoe_overflow_cross_hatched,
          grunt_gozag_breadcrumbs, lemuel_zombie_altar_kikubaaqudgha,
          david_orc_4, minivault_4, hangedman_fish_farm
D:10:     layout_roguey, mainiacjoe_overflow_alcove_2,
          overflow_temple_1_default, uniq_grum
D:11:     layout_long_grid, lair_entry_dummy, gauntlet_entry_generic
D:12:     layout_irregular_city, uniq_snorg, uniq_jorgrun, uniq_josephine
D:13:     layout_loops_ring
D:14:     layout_basic, erik_vaults_1, minmay_misc_feat_room
D:15:     hangedman_depths_entry_civil_slaughter, layout_basic,
          minmay_misc_feat_tiny, minmay_misc_feat_secret_circle, okawaru_trees_2
Temple:   corrupted_temple
Lair:1:   layout_loops_ring, minmay_stone_trees_small, minivault_11,
          lemuel_fruit_fields
Lair:2:   layout_roguey, nicolae_swamp_entry_splash_gauntlet,
          serial_bayou_shore_b, grunt_megastairs_3
Lair:3:   layout_cave_pods, minmay_snake_entry_six_corridors,
          gammafunk_ghost_split
Lair:4:   layout_cave_shapes, slime_entry_1, nicolae_volcano_entry_s_turn,
          basic_altar, lemuel_fruit_fields
Lair:5:   grunt_lair_end_beastmaster, layout_layer_cave, special_room
          [special_room_jelly], st_stairs_12, pdpol_lair_neglected_garden,
          nicolae_lair_grove_arrangements
Swamp:1:  layout_basic_swamp, evilmike_swamp_ruin_house_4,
          nicolae_swamp_fairy_circle
Swamp:2:  layout_basic_swamp, hangedman_swamp_ruin_wall
Swamp:3:  layout_basic_swamp, nicolae_swamp_treefoil, nicolae_swamp_godswood,
          infiniplex_staircase_pool_2
Swamp:4:  swamp, layout_basic_swamp, infiniplex_staircase_pool
Snake:1:  layout_gridlike, serial_shops, shop, drop_trap, nicolae_custom_books,
          grunt_megastairs_2, uniq_aizul, uniq_mlioglotl, uniq_louise
Snake:2:  layout_rooms, serial_bayou_shore_b
Snake:3:  layout_misc_corridors, serial_bayou_shore_a, minmay_shoptagon
Snake:4:  minmay_snake_end_coiled, layout_basic, uniq_asterion, uniq_vashnia,
          uniq_saint_roka
Slime:1:  layout_caves, basic_altar, nicolae_slime_phagocytosis
Slime:2:  layout_caves, cheibrodos_slime_lost_civilization_5
Slime:3:  layout_caves
Slime:4:  layout_caves
Slime:5:  slime_pit_nicolae_inversion
Orc:1:    layout_diamond_mine, led_sif_book
Orc:2:    hellmonk_orc_salted, layout_caves, basic_altar, uniq_azrael
Elf:1:    elf_arrival_002, layout_loops_ring, serial_shops,
          nicolae_shop_crystal, nicolae_elf_shapeshifter_party, minivault_24,
          st_stairs_9, dk_noncrumbling_3, lemuel_upstairs_altar
Elf:2:    elven_hall_of_blades_hangedman_original [nicolae_blade_bullseye],
          layout_rooms
Elf:3:    minmay_elf_hall_x, layout_geoelf_castle, serial_shops,
          nicolae_shop_tiny_glass
Depths:1: layout_twisted_cross, enter_ziggurat_d, hell_entry,
          serial_sigils_hangedman_confine, minivault_16,
          nicolae_twisting_strands, nicolae_vehumet_altar_sigil
Abyss:3:  base: Elf:2, grunt_abyss_rune_forest_and_sorcery

Skill      XL: |  1  2  3  4  5  6  7  8  9 10 11 12 13 14 15 16 17 18 19 |
---------------+----------------------------------------------------------+-----
Shields        | 4 5 6 7 9 10 12 13 14 16 17 | 17.6
Armour         | 4 5 6 7 8 9 10 12 14 15 16 17 18 | 18.8
Fighting       | 4 5 6 7 8 10 12 14 16 17 18 20 | 20.9
Axes           | 3 4 5 8 9 11 13 15 17 18 | 18.9
Dodging        | 1 3 6 7 9 10 11 12 13 14 15 16 | 16.0
Stealth        | 1 |  1.0
Evocations     | 1 4 6 8 10 | 10.6
Throwing       | 1 |  1.3
Invocations    | 1 4 6 |  6.3
Unarmed Combat | 1 |  1.0

Action                     |  1- 3 |  4- 6 |  7- 9 | 10-12 | 13-15 | 16-18 | 19-21 || total
---------------------------+-------+-------+-------+-------+-------+-------+-------++-------
  Melee: War axe           |    47 |    94 |   219 |   166 |       |       |       ||   526
         Headbutt          |     4 |    10 |    30 |   102 |   221 |   373 |   140 ||   880
         Broad axe         |       |       |       |   318 |   918 |  1430 |   556 ||  3222
         Unarmed           |       |       |       |       |       |       |    23 ||    23
  Throw: Boomerang         |       |       |       |       |    23 |       |       ||    23
         Dart              |       |       |       |       |       |     4 |       ||     4
  Evoke: Wand              |       |       |       |       |       |       |    13 ||    13
    Use: Scroll            |       |       |    11 |     4 |    20 |    16 |     5 ||    56
         Potion            |       |       |       |     2 |     1 |     2 |     4 ||     9
   Stab: Paralysed         |       |       |     7 |    25 |    85 |   130 |    70 ||   317
         Confused          |       |       |       |       |       |     1 |       ||     1
 Armour: Scale mail        |    23 |       |       |       |       |       |       ||    23
         Plate armour      |     6 |   119 |   222 |   211 |       |       |       ||   558
         Chain mail        |       |       |       |   183 |   618 |  1166 |   565 ||  2532
         Skin              |       |       |       |       |       |       |     2 ||     2
  Dodge: Dodged            |    28 |    26 |    96 |   283 |   561 |   711 |   249 ||  1954
  Block: Buckler           |    10 |    25 |    43 |   130 |   113 |       |       ||   321
         Kite shield       |       |       |       |       |   360 |   788 |       ||  1148
         Tower shield      |       |       |       |       |       |   306 |   520 ||   826

Table legend: (Time is in decaauts)
 A = Elapsed time spent in this place.
 B = Non-inter-level travel time spent in this place.
 C = Inter-level travel time spent in this place.
 D = Time resting spent in this place.
 E = Time spent auto-exploring this place.
 F = Levels seen in this place.
 G = Mean time per level.
                   A        B        C        D        E       F      G
               +--------+--------+--------+--------+--------+-----+--------+
         Total |  63847 |  59520 |   4327 |  24628 |  21251 |  43 | 1484.8 |
       Dungeon |  16699 |  15043 |   1656 |   2017 |   9314 |  15 | 1113.3 |
        Temple |     11 |     11 |      0 |      0 |      0 |   1 |   11.0 |
          Lair |   6977 |   6406 |    571 |   1170 |   3611 |   5 | 1395.4 |
         Swamp |   5674 |   5473 |    201 |   1992 |   2038 |   4 | 1418.5 |
     Snake Pit |   8691 |   8144 |    547 |   3575 |   2311 |   4 | 2172.8 |
    Slime Pits |   7921 |   7339 |    582 |   4089 |   1455 |   5 | 1584.2 |
  Orcish Mines |  11053 |  10679 |    374 |   8951 |   1120 |   2 | 5526.5 |
   Elven Halls |   5482 |   5110 |    372 |   2376 |   1328 |   3 | 1827.3 |
        Depths |     81 |     60 |     21 |      0 |      0 |   1 |   81.0 |
         Abyss |     35 |     35 |      0 |      0 |      0 |   1 |   35.0 |
       Volcano |    351 |    351 |      0 |     90 |     17 |   1 |  351.0 |
      Gauntlet |    867 |    867 |      0 |    366 |     56 |   1 |  867.0 |
               +--------+--------+--------+--------+--------+-----+--------+

Top non-repeatable levels by time:
   Orc:2: 10233 daAuts
 Snake:4: 4528 daAuts
 Slime:4: 3209 daAuts
   Elf:3: 2246 daAuts
    D:14: 2190 daAuts
   Elf:2: 2142 daAuts
  Lair:5: 2088 daAuts
 Snake:1: 2039 daAuts
    D:15: 1957 daAuts
 Slime:5: 1903 daAuts
 Swamp:4: 1854 daAuts
 Swamp:3: 1822 daAuts
  Lair:2: 1432 daAuts
     D:9: 1418 daAuts
  Lair:3: 1307 daAuts
